 Dungeon Crawl Stone Soup version 0.29.1-13-g9f3cf754e1 (webtiles) character file.

Game seed: 11184566141872744732

3868 Peloso the Carver (level 9, -2/82 HPs)
             Began as a Minotaur Fighter on Jan 25, 2023.
             Shot with an arrow by a centaur (8 damage)
             ... on level 8 of the Dungeon.
             The game lasted 00:20:20 (9914 turns).

Peloso the Carver (Minotaur Fighter)                Turns: 9914, Time: 00:20:23

Health: -2/82      AC: 19    Str: 23    XL:     9   Next: 99%
Magic:  8/8        EV:  6    Int:  5    God:
Gold:   392        SH:  9    Dex: 12    Spells: 8/8 levels left

rFire   . . .      SeeInvis .   a - +1 long sword
rCold   . . .      Faith    .   d - +0 kite shield
rNeg    . . .      Spirit   .   s - +1 plate armour
rPois   +          Reflect  .   (helmet restricted)
rElec   .          Harm     .   f - +1 cloak
rCorr   .          Rampage  .   k - +0 pair of gloves
Will    .....                   (no boots)
Stlth   ..........              (no amulet)
HPRegen 0.23/turn               c - ring of poison resistance
MPRegen 0.11/turn               (no ring)

@: about to teleport, very slow
A: horns 2, retaliatory headbutt
a: no special abilities


You were on level 8 of the Dungeon.
You visited 1 branch of the dungeon, and saw 8 of its levels.
You also visited: Bailey.

You collected 392 gold pieces.

Inventory:

Hand Weapons
 a - a +1 long sword (weapon)
 b - a +0 whip of flaming
Armour
 d - a +0 kite shield (worn)
 f - a +1 cloak (worn)
 k - a +0 pair of gloves (worn)
 l - a +0 chain mail
 s - a +1 plate armour (worn)
Jewellery
 c - a ring of poison resistance (left hand)
 x - an amulet of magic regeneration
 F - a +6 ring of intelligence
Wands
 z - a wand of digging (8)
Scrolls
 g - 2 scrolls of enchant weapon
 h - 2 scrolls of teleportation
 i - a scroll of poison
 m - 2 scrolls of magic mapping
 p - a scroll of vulnerability {unknown}
 q - a scroll of acquirement
 w - a scroll of enchant armour
 y - a scroll of amnesia {unknown}
 D - a scroll of brand weapon {unknown}
 E - 3 scrolls of fear {unknown}
Potions
 e - 2 potions of might
 j - 5 potions of haste
 n - 4 potions of curing
 o - 3 potions of attraction {unknown}
 r - a potion of cancellation
 t - a potion of ambrosia {unknown}
 u - 3 potions of resistance
 v - a potion of experience
 A - 3 potions of mutation
 B - a potion of invisibility
 C - 3 potions of brilliance {unknown}
 G - 2 potions of flight {unknown}


   Skills:
 + Level 8.7 Fighting
 + Level 11.2 Long Blades
 + Level 9.8 Armour
 + Level 2.3 Dodging
 + Level 1.4 Stealth
 + Level 5.2 Shields
 + Level 0.5 Evocations


You had 8 spell levels left.
You didn't know any spells.
Your spell library was empty.

Dungeon Overview and Level Annotations

Branches:
Dungeon (8/15)             Bailey (visited)
 Temple: D:4-7         Lair: D:8-11

Altars:
Gozag

Annotations:
D:5 2 transporters, MinkTDR's ghost, novice KoEn


Innate Abilities, Weirdness & Mutations

You have a pair of horns on your head.
You reflexively headbutt those who attack you in melee.


Message History

The centaur shoots an arrow.
The arrow closely misses you.
The centaur shoots an arrow.
The arrow hits you but does no damage.
The centaur shoots an arrow.
You block the arrow.
The centaur shoots an arrow.
You block the arrow.
The centaur shoots an arrow.
The arrow hits you.
The centaur shoots an arrow.
The arrow hits you but does no damage.
The centaur shoots an arrow.
The arrow barely misses you.
The centaur shoots an arrow.
The arrow hits you but does no damage.
The centaur shoots an arrow.
You block the arrow.
The centaur shoots an arrow.
The arrow hits you. The arrow freezes you.
The centaur shoots an arrow.
The arrow hits you!
The centaur shoots an arrow.
The arrow closely misses you.
The centaur shoots an arrow.
The arrow hits you!
The centaur shoots an arrow.
You block the arrow.
The centaur shoots an arrow.
You block the arrow.
The centaur shoots an arrow.
You block the arrow.
The centaur shoots an arrow.
The arrow hits you. The arrow freezes you.
The centaur shoots an arrow.
You block the arrow.
The centaur shoots an arrow.
The arrow hits you but does no damage.
The centaur shoots an arrow.
The arrow hits you but does no damage.
The centaur shoots an arrow.
The arrow hits you but does no damage.
The centaur shoots an arrow.
The arrow hits you.
* * * LOW HITPOINT WARNING * * *
The arrow freezes you.
* * * LOW HITPOINT WARNING * * *
Why would you want to do that? Why would you want to do that?
Okay, then.
As you read the scroll of teleportation, it crumbles to dust.
You feel strangely unstable.
The centaur shoots an arrow.
The arrow hits you.
* * * LOW HITPOINT WARNING * * *
The centaur shoots an arrow.
You block the arrow.
Okay, then.
The centaur shoots an arrow.
The arrow hits you.
* * * LOW HITPOINT WARNING * * *
The centaur shoots an arrow.
The arrow hits you.
* * * LOW HITPOINT WARNING * * *
The arrow freezes you.
* * * LOW HITPOINT WARNING * * *
The centaur shoots an arrow.
The arrow hits you!
You die...

#......≈~≈≈~≈≈≈≈≈≈~≈..#..
#......≈~≈~≈≈~~~~≈≈~..#..
#......≈~≈~≈~≈≈≈≈~≈≈..#..
######.≈~≈~≈...~≈≈~≈..#..
#.≈~≈~≈...≈~≈~≈..#..
#.≈~≈≈cc..≈~≈~≈..##.
#.≈≈~≈≈≈≈~≈~≈~≈# ##
#.~≈≈~~~~≈≈~≈~≈# #
###.≈@≈≈≈≈≈≈~≈≈~≈# #
##...≈≈~~~~~~≈≈~≈≈#####
#....~≈≈≈≈≈≈≈≈~≈≈~.....
#.#....................
#......##..............
#########...........#..
#...[[....))...
#..........##..
#..........##..


You could see 2 centaurs.

Vanquished Creatures
  Pikel (D:8)
  Joseph (D:8)
  Grinder (D:3)
  Prince Ribbit (D:5)
  Menkaure (D:4)
  A steam dragon (D:8)
  Edmund (D:4)
  A water moccasin (D:7)
  An orc warrior (Bailey)
  3 ice beasts
  2 sky beasts (D:7)
  4 centaurs
  3 lemures (D:8)
  2 kobold brigands (D:7)
  A scorpion (D:7)
  2 hounds
  3 orc priests
  Crazy Yiuf (D:3)
  A jelly (D:7)
  2 iguanas
  Natasha (thrice) (D:4)
  Terence (D:3)
  4 orc wizards
  Robin (D:2)
  13 gnolls
  8 adders
  An ufetubus (D:7)
  2 dart slugs
  44 orcs
  6 ball pythons
  6 endoplasms
  A giant cockroach (D:3)
  19 goblins
  7 hobgoblins
  14 jackals
  12 kobolds
  6 quokkas
  3 bats
  3 frilled lizards
  23 rats
210 creatures vanquished.

Vanquished Creatures (others)
  Maurice (D:8)
  A kobold (D:3)
2 creatures vanquished.

Grand Total: 212 creatures vanquished

Notes
Turn   | Place    | Note
-------+----------+-------------------------------------------
     0 | D:1      | Peloso the Minotaur Fighter began the quest for the Orb.
     0 | D:1      | Reached XP level 1. HP: 19/19 MP: 0/0
    60 | D:1      | Reached XP level 2. HP: 11/27 MP: 1/1
   995 | D:2      | Reached XP level 3. HP: 28/33 MP: 2/2
  1129 | D:2      | Reached skill level 3 in Long Blades
  1571 | D:2      | Reached XP level 4. HP: 40/40 MP: 3/3
  1883 | D:2      | Noticed Robin
  1894 | D:2      | Killed Robin
  2207 | D:3      | Reached skill level 4 in Long Blades
  2341 | D:3      | Reached XP level 5. HP: 31/46 MP: 4/4
  2389 | D:3      | Reached skill level 1 in Dodging
  2530 | D:3      | Noticed Terence
  2538 | D:3      | Killed Terence
  2539 | D:3      | Reached skill level 5 in Armour
  2717 | D:3      | Found a runed translucent door.
  2718 | D:3      | Noticed Crazy Yiuf
  2889 | D:3      | Noticed Grinder
  2893 | D:3      | Paralysed by Grinder for 2 turns
  2905 | D:3      | Paralysed by Grinder for 3 turns
  2912 | D:3      | Killed Grinder
  2913 | D:3      | Reached skill level 5 in Long Blades
  2913 | D:3      | Reached XP level 6. HP: 27/53 MP: 5/5
  3252 | D:3      | Reached skill level 6 in Long Blades
  3873 | D:4      | Noticed Natasha
  3877 | D:4      | Killed Natasha
  3878 | D:4      | Reached skill level 5 in Fighting
  4070 | D:4      | Noticed Natasha
  4076 | D:4      | Killed Natasha
  4077 | D:4      | Reached XP level 7. HP: 59/61 MP: 6/6
  4079 | D:4      | Noticed Natasha
  4088 | D:4      | Killed Natasha
  4371 | D:4      | Noticed Menkaure
  4375 | D:4      | Killed Menkaure
  4631 | D:4      | Noticed Edmund
  4645 | D:4      | Killed Edmund
  4646 | D:4      | Reached skill level 7 in Long Blades
  4774 | D:4      | Identified a scroll of acquirement
  5031 | D:3      | Killed Crazy Yiuf
  5125 | D:5      | Entered Level 5 of the Dungeon
  5134 | D:5      | Reached skill level 5 in Shields
  5248 | D:5      | Reached XP level 8. HP: 57/70 MP: 7/7
  5466 | D:5      | Reached skill level 1 in Stealth
  5883 | D:5      | Noticed MinkTDR's ghost (novice KoEn)
  5884 | D:5      | Found a transporter.
  5896 | D:5      | Noticed Prince Ribbit
  5908 | D:5      | Killed Prince Ribbit
  5909 | D:5      | Reached skill level 8 in Long Blades
  5981 | D:5      | Found an opulent altar of Gozag.
  6414 | D:5      | Found a transporter.
  6487 | D:6      | Noticed a two-headed ogre
  6967 | D:7      | Found a flagged portal.
  6975 | D:7      | Reached skill level 9 in Long Blades
  7055 | Bailey   | Entered a bailey
  7573 | Bailey   | Reached XP level 9. HP: 42/72 MP: 8/8
  8793 | D:8      | Noticed Maurice
  8811 | D:8      | Noticed Pikel
  8826 | D:8      | Killed Maurice
  8827 | D:8      | Reached skill level 10 in Long Blades
  9336 | D:8      | Noticed Joseph
  9491 | D:8      | Killed Joseph
  9715 | D:8      | Killed Pikel
  9716 | D:8      | Reached skill level 11 in Long Blades
  9914 | D:8      | Shot with an arrow by a centaur

Illustrated notes

Levels and vault maps discovered:
D:1:      minmay_arrival_shattered_statue, layout_basic
D:2:      layout_basic, minmay_rat_hole, uniq_robin
D:3:      layout_loops_ring, chequers_arboretum, uniq_grinder, uniq_terence,
          uniq_crazy_yiuf_cottage
D:4:      layout_gridville, uniq_edmund, uniq_menkaure, uniq_natasha
D:5:      layout_loops_corners, mainiacjoe_overflow_cross_hatched,
          gammafunk_ghost_smash, uniq_prince_ribbit1
D:6:      layout_cave_pods, minmay_temple_entry_fiery, ebering_ghost_sewer_d
D:7:      hellmonk_ruined_rings, layout_cave_pools, enter_bailey_3
D:8:      nicolae_whirlpool, layout_rooms, gammafunk_temple_overflow_statue,
          corexii_corridor_pit, minmay_increasing_density, uniq_maurice,
          uniq_pikel, uniq_joseph

Skill      XL: |  1  2  3  4  5  6  7  8  9 |
---------------+----------------------------+-----
Armour         | 4 5 6 8 9 |  9.8
Shields        | 4 5 |  5.2
Fighting       | 4 5 6 8 |  8.7
Long Blades    | 3 4 5 6 7 9 11 | 11.2
Dodging        | 1 2 |  2.3
Stealth        | 1 |  1.4
Evocations     | |  0.5

Action                   |  1- 3 |  4- 6 |  7- 9 || total
-------------------------+-------+-------+-------++-------
Melee: Long sword        |   103 |   163 |   345 ||   611
       Headbutt          |    16 |    25 |    67 ||   108
Evoke: Wand              |       |       |     5 ||     5
  Use: Scroll            |     2 |     2 |    14 ||    18
       Potion            |       |       |     6 ||     6
Armor: Scale mail        |    48 |       |       ||    48
       Chain mail        |     4 |    70 |       ||    74
       Plate armour      |       |    21 |   318 ||   339
Dodge: Dodged            |    47 |    53 |   142 ||   242
Block: Buckler           |    20 |    34 |    25 ||    79
       Kite shield       |       |       |    26 ||    26
